 Dungeon Crawl Stone Soup version 0.21-a0-79-g04744e2 (webtiles) character file.

186 Kidiri the Insei (level 5, -1/38 HPs)
             Began as a Demonspawn Transmuter on June 22, 2017.
             Was an Initiate of Wu Jian.
             Splashed by a jelly's acid (7 damage)
             ... on level 4 of the Dungeon.
             The game lasted 00:10:40 (4039 turns).

Kidiri the Insei (Demonspawn Transmuter)            Turns: 4039, Time: 00:10:41

Health: -1/38      AC: -2    Str: 15    XL:     5   Next: 38%
Magic:  6/9        EV: 19    Int: 18    God:    Wu Jian [......]
Gold:   134        SH:  0    Dex: 18    Spells: 3/9 levels left

rFire    . . .     SeeInvis .     - Unarmed
rCold    . . .     Gourm    .   (shield currently unavailable)
rNeg     . . .     Faith    .   (armour currently unavailable)
rPois    x         Spirit   .   (helmet currently unavailable)
rElec    .         Reflect  .   (cloak currently unavailable)
rCorr    .         Harm     .   (gloves currently unavailable)
MR       .....                  (boots currently unavailable)
Stlth    ++........             (no amulet)
HPRegen  0.12/turn              m - +3 ring of strength
MPRegen  0.11/turn              p - +4 ring of intelligence

@: spider-form, corroded
A: no striking features
a: End Transformation, Renounce Religion


You were on level 4 of the Dungeon.
You worshipped Wu Jian.
Wu Jian was noncommittal.
You were hungry.
You were a venomous arachnid creature.
You visited 1 branch of the dungeon, and saw 4 of its levels.

You collected 134 gold pieces.

Inventory:

Missiles
 a - 31 arrows
Armour
 b - a +0 robe (melded)
 o - a +1 leather armour
Jewellery
 j - an uncursed ring of see invisible
 m - a +3 ring of strength (left front leg)
 p - a +4 ring of intelligence (right front leg)
Wands
 g - a wand of disintegration (5/24)
Scrolls
 i - 2 scrolls of remove curse
 l - 2 scrolls of teleportation
Potions
 e - a potion of lignification
 k - 3 potions of haste
Books
 c - a book of Changes

   Spells                             Type                      Level
   a - Beastly Appendage              Transmutation                1
   b - Sticks to Snakes               Transmutation                2
   c - Spider Form                    Transmutation/Poison         3
   d - Ice Form                       Ice/Transmutation            4
   e - Blade Hands                    Transmutation                5
Comestibles
 d - 4 bread rations
 f - 2 royal jellies
 h - a chunk of flesh
 n - a meat ration


   Skills:
 + Level 2.1 Fighting
 - Level 1.7 Dodging
 * Level 3.5 Unarmed Combat
 + Level 2.9 Spellcasting
 * Level 3.1 Transmutations
 + Level 1.5 Poison Magic


You had 3 spell levels left.
You knew the following spells:

 Your Spells              Type           Power        Failure   Level  Hunger
a - Beastly Appendage     Tmut           ##....       14%         1    None
b - Sticks to Snakes      Tmut           ##......     19%         2    ##.....
c - Spider Form           Tmut/Pois      ##........   38%         3    ###....


Dungeon Overview and Level Annotations

Branches:
Dungeon (4/15)
 Temple: D:4-7

Altars:
Cheibriados
Gozag
Wu Jian
The Shining One


Innate Abilities, Weirdness & Mutations

((You have a pair of antennae on your head.))


Message History

Your +0 robe melds into your body.
You are feeling hungry.
A jelly comes into view.
The jelly quivers.
Found a mace and a scroll of enchant armour.
You hit the jelly.
The jelly is poisoned.
Your front legs burn!
The jelly is lightly wounded.
The jelly hits you. The acid corrodes you!
You are splashed with acid!
The acid burns!
You hit the jelly.
The jelly looks even sicker.
Your front legs burn!
The jelly is moderately wounded.
The jelly hits you.
You are splashed with acid!
The acid burns!
* * * LOW HITPOINT WARNING * * *
You hit the jelly.
Your front legs burn!
* * * LOW HITPOINT WARNING * * *
The jelly is moderately wounded.
The jelly hits you.
* * * LOW HITPOINT WARNING * * *
You are splashed with acid!
The acid burns!
You die...

#........'...#
#####..##..##
##..#####
{#...'...#
#...#...#
{#...#...#{
#.####.##
########.########
#........sJ......
.................
#................
#.)..##..##.#####
##### #..# ##
...( ...?.
.......


You could see a jelly.

Vanquished Creatures
  An orc priest (D:3)
  Jessica (D:2)
  4 adders
  An ooze (D:3)
  3 worms
  2 dart slugs
  4 leopard geckos
  4 orcs (D:3)
  5 bats
  10 goblins
  10 hobgoblins
  3 jackals (D:2)
  8 kobolds
  A quokka (D:3)
  2 ball pythons
  7 frilled lizards
  5 rats
71 creatures vanquished.

Notes
Turn   | Place    | Note
-------+----------+-------------------------------------------
     0 | D:1      | Kidiri the Demonspawn Transmuter began the quest for the Orb.
     0 | D:1      | Reached XP level 1. HP: 15/15 MP: 3/3
   292 | D:1      | Gained mutation: You have a pair of small antennae on your head. [demonic ancestry]
   292 | D:1      | Reached XP level 2. HP: 13/21 MP: 3/5
   307 | D:1      | Learned a level 2 spell: Sticks to Snakes
  1561 | D:1      | Reached XP level 3. HP: 24/27 MP: 6/6
  1595 | D:1      | Learned a level 3 spell: Spider Form
  1786 | D:2      | Noticed Jessica
  1795 | D:2      | Killed Jessica
  1795 | D:2      | Reached XP level 4. HP: 21/33 MP: 1/8
  1811 | D:2      | Reached skill level 1 in Poison Magic
  2377 | D:2      | Found a glowing golden altar of the Shining One.
  3047 | D:3      | Found an opulent altar of Gozag.
  3279 | D:3      | Found an ornate altar of the Wu Jian Council.
  3290 | D:3      | Became a worshipper of the Wu Jian Council
  3363 | D:3      | Gained mutation: You have a pair of antennae on your head. [demonic ancestry]
  3363 | D:3      | Reached XP level 5. HP: 38/38 MP: 5/9
  3833 | D:4      | Found a snail-covered altar of Cheibriados.
  4039 | D:4      | Splashed by a jelly's acid

Vault maps used:
D:1:      matt_arrival_spirals, st_stairs_9, minmay_small_reverse_x
D:2:      nicolae_tso_swordbearing_angel, first_bread, uniq_jessica
D:3:      nicolae_gozag_seed_capital, marbit_many_paths
D:4:      led_sif_book, kennysheep_slug_shrine, serial_shops, shop,
          shop_fountains, shop, nicolae_shop_competitors_out_of_business, shop

Skill      XL: |  1  2  3  4  5 |
---------------+----------------+-----
Transmutations | 2 3 |  3.1
Unarmed Combat | 3 |  3.5
Poison Magic   | 1 |  1.5
Fighting       | 2 |  2.1
Dodging        | |  1.7
Spellcasting   | |  2.9

Action                   |  1- 3 |  4- 6 || total
-------------------------+-------+-------++-------
Melee: Unarmed           |   121 |   138 ||   259
       Kick              |     7 |     3 ||    10
       Punch             |     1 |       ||     1
 Cast: Beastly Appendage |    14 |     4 ||    18
       Spider Form       |     4 |    13 ||    17
  Use: Scroll            |     7 |     2 ||     9
       Potion            |       |     1 ||     1
  Eat: Chunk             |     4 |     8 ||    12
Armor: Robe              |    24 |    11 ||    35
       Skin              |     1 |     2 ||     3
Dodge: Dodged            |    80 |    97 ||   177
